 Dungeon Crawl Stone Soup version 0.29-a0-284-gf9362112df (webtiles) character file.

Game seed: 4631110840057352966

37 spaghetti the Sneak (level 3, -3/30 HPs)
             Began as a Demigod Delver on Mar 24, 2022.
             Slain by a bullfrog (7 damage)
             ... on level 7 of the Dungeon.
             The game lasted 00:01:13 (256 turns).

spaghetti the Sneak (Demigod Delver)                 Turns: 256, Time: 00:01:14

Health: -3/30      AC:  3    Str: 13    XL:     3   Next: 7%
Magic:  5/5        EV: 13    Int: 12    God:
Gold:   11         SH:  0    Dex: 19    Spells: 2/2 levels left

rFire   . . .      SeeInvis .   a - +0 falchion {long}
rCold   . . .      Faith    .   (no shield)
rNeg    . . .      Spirit   .   b - +0 leather armour
rPois   .          Reflect  .   (no helmet)
rElec   .          Harm     .   (no cloak)
rCorr   .          Rampage  .   (no gloves)
Will    .....                   (no boots)
Stlth   +++.......              l - amulet of regeneration {@e2}
HPRegen 0.90/turn               (no ring)
MPRegen 0.09/turn               (no ring)

@: hasted, very quick
A: high MP 1, forlorn, divine attributes
a: no special abilities


You were on level 7 of the Dungeon.
You visited 1 branch of the dungeon, and saw 4 of its levels.

You collected 11 gold pieces.


Innate Abilities, Weirdness & Mutations

You have an increased reservoir of magic. (+10% MP)
You shall have no god before yourself.
Your divine heritage dramatically boosts your attributes as you level up.


   Skills:
 - Level 2.6 Fighting
 - Level 1.7 Long Blades
 + Level 3.3 Dodging
 - Level 4.5 Stealth


You had 2 spell levels left.
You didn't know any spells.
Your spell library contained the following spells:

 Spells                   Type           Power      Damage    Failure   Level
 Blink                    Tloc           0%         N/A       54%         2
 Manifold Assault         Tloc           0%         N/A       100%        5
 Storm Form               Tmut/Air       0%         N/A       100%        7

Inventory:

Hand Weapons
 a - a +0 falchion (weapon) {long}
Missiles
 i - 22 stones (quivered) {throwing}
Armour
 b - a +0 leather armour (worn)
Jewellery
 l - an amulet of regeneration (around neck) {@e2}
   (You found it on level 5 of the Dungeon)
Wands
 g - a wand of digging (3)
Scrolls
 c - a scroll of fog
 d - a scroll of magic mapping {!r}
 e - a scroll of fear
 j - a scroll of immolation {unknown}
 k - a scroll of torment {unknown}

Dungeon Overview and Level Annotations

Branches:
Dungeon (7/15)
 Temple: D:4-7

Shops:
D:6 (

Annotations:
D:5 Sigmund
D:6 Eustachio

## #. #.. .. #..
...
#...#########...
#.5.#...........
#..>'...........
#@o.........
#Fh.........
#.o.<.......
#......#'#####...
+......#.=.
#......#.....
.......#.......
....c..###...##
.##'#### ...#


You could see a bullfrog, a centaur (wandering), a hound, a shadow imp
(wandering) and 2 orcs.


Message History

You regained 4 hp, and now have 8/30 hp.
The hound bites you.
* * * LOW HITPOINT WARNING * * *
The hound bites you.
* * * LOW HITPOINT WARNING * * *
😱 HP[-1]
You take 1 damage, and now have 7/30 hp.
The hound bites you but does no damage. 😨 HP[+4]
You regained 4 hp, and now have 11/30 hp.
You bump into the rock wall.
The hound bites you but does no damage. The hound bites you.
* * * LOW HITPOINT WARNING * * *
😨 HP[+2]
You regained 2 hp, and now have 13/30 hp.
You barely miss the hound. The hound closely misses you. 😮 HP[+6]
You regained 6 hp, and now have 19/30 hp.
You barely miss the hound. The hound barely misses you.
The hound bites you but does no damage. 😕 HP[+7]
You regained 7 hp, and now have 26/30 hp.
An orc comes into view. It is wielding a +0 hand axe.
The orc shouts!
You hear a shout!
You hear a howl!
An orc comes into view. It is wielding a +0 dagger.
The hound bites you. 😕 HP[+2]
You regained 2 hp, and now have 28/30 hp.
You feel less invigorated.
You feel less confused. The hound barely misses you. 😎 HP[+2]
Your hp is fully restored (30).
You barely miss the orc. The hound completely misses you. The hound bites you.
The orc misses you. 😕 HP[-5]
You take 5 damage, and now have 25/30 hp.
You closely miss the orc. The hound barely misses you.
The orc closely misses you. The hound closely misses you. 😕 HP[+1]
You hit the orc. The hound bites you but does no damage.
An orc wizard comes into view. It is wielding a +0 hand axe.
The orc closely misses you. The hound bites you. 😕 HP[-1]
You take 1 damage, and now have 25/30 hp.
You closely miss the orc. The orc closely misses you.
The orc hits you with a +0 dagger. The hound bites you but does no damage.
The orc barely misses you. x2; The hound misses you. 😕 HP[-1]
You take 1 damage, and now have 24/30 hp.
The orc attacks as you move away! The orc barely misses you.
The hound barely misses you. 😕 HP[+1]
The orc attacks as you move away! The orc completely misses you.
The hound bites you. The hound barely misses you.
There is a stone staircase leading down here. 😕 HP[-2]
You take 2 damage, and now have 23/30 hp.
The hound barely misses you. The orc hits you with a +0 dagger.
The orc hits you with a +0 hand axe.
You climb downwards.
There is a stone staircase leading up here. 😮 HP[-5]
You take 5 damage, and now have 18/30 hp.
Unknown command.
Unknown command.
Okay, then.
The orc attacks as you move away! The orc barely misses you.
The orc attacks as you move away! The orc hits you with a +0 dagger.
* * * LOW HITPOINT WARNING * * *
The bullfrog gives a loud, deep croak!
The hound closely misses you. The hound bites you.
* * * LOW HITPOINT WARNING * * *
😨 HP[-5]
You take 5 damage, and now have 13/30 hp.
The hound bites you.
* * * LOW HITPOINT WARNING * * *
An orc breaks down the door. 😨 HP[-4]
You take 4 damage, and now have 9/30 hp.
You feel yourself speed up. The hound misses you.
The bullfrog barely misses you. The orc hits you with a +0 dagger.
* * * LOW HITPOINT WARNING * * *
The hound misses you. 😨 HP[-1]
You take 1 damage, and now have 8/30 hp.
Unknown command.
The bullfrog attacks as you move away! The bullfrog hits you.
* * * LOW HITPOINT WARNING * * *
Something unseen opens the door. 😱 HP[-2]
You take 2 damage, and now have 6/30 hp.
The hound bites you.
* * * LOW HITPOINT WARNING * * *
😱 HP[-2]
You take 2 damage, and now have 4/30 hp.
You open the door.
A shadow imp comes into view.
A centaur comes into view.
The bullfrog hits you!
You die...

Skill      XL: |  1 |
---------------+----+-----
Dodging        | 3 |  3.3
Fighting       | |  2.6
Long Blades    | |  1.7
Stealth        | |  4.5

Action                   || total
-------------------------++-------
Melee: Falchion          ||    29
  Use: Potion            ||     2
 Stab: Sleeping          ||     1
Armor: Leather armour    ||     8
Dodge: Dodged            ||    41

Levels and vault maps discovered:
D:4:      kennysheep_big_flooded_room, layout_basic, tgw_xom,
          mainiacjoe_overflow_tiny_flanked, mainiacjoe_overflow_boulevard,
          chequers_serial_rivers_micro_b
D:5:      layout_cave_pods, temple_doors_cd, uniq_sigmund
D:6:      layout_rooms, mainiacjoe_overflow_brackets,
          mainiacjoe_overflow_alcove_4, mainiacjoe_overflow_chevrons,
          serial_shops, nicolae_shop_bloodbath_and_beyond, uniq_eustachio
D:7:      layout_gridville, minmay_misc_feat_rugged

Notes
Turn   | Place    | Note
-------+----------+-------------------------------------------
     0 | D:5      | spaghetti the Demigod Delver began the quest for the Orb.
     0 | D:5      | Reached XP level 1. HP: 18/18 MP: 3/3
     0 | D:5      | magus.rc [v1.9.6]
    13 | D:5      | Noticed Sigmund
    27 | D:6      | Noticed Eustachio
   124 | D:4      | Noticed a phantom
   147 | D:5      | You add the spells Blink, Manifold Assault and Storm Form
                  | to your library.
   193 | D:5      | Noticed a wight
   202 | D:6      | Noticed a howler monkey
   203 | D:6      | Found Eseutwou's Weapon Emporium.
   216 | D:7      | Killed a howler monkey
   217 | D:7      | Reached skill level 3 in Dodging
   217 | D:7      | Reached XP level 2. HP: 21/25 MP: 4/4
   217 | D:7      | Reached XP level 3. HP: 25/30 MP: 5/5
   218 | D:7      | Noticed a bullfrog
   230 | D:6      | HP: 6/30 [hound (3)]
   236 | D:6      | HP: 7/30 [hound (4)]
   249 | D:6      | Noticed an orc warrior
   254 | D:7      | HP: 6/30 [bullfrog (2)]
   256 | D:7      | Noticed a centaur
   256 | D:7      | Slain by a bullfrog

Vanquished Creatures
  A howler monkey (D:7)
  An endoplasm (D:4)
2 creatures vanquished.

Table legend:
 A = Non-vault XP
 B = Vault XP
 C = Vault XP percentage of total XP
 D = Non-vault monster count
 E = Vault monster count
 F = Vault count percentage of total count
                 A         B        C        D         E       F
            +---------+---------+-------+---------+---------+-------
      Total |      53 |       0 |   0.0 |       2 |       0 |   0.0
            +---------+---------+-------+---------+---------+-------
        D:4 |       2 |       0 |   0.0 |       1 |       0 |   0.0
        D:7 |      51 |       0 |   0.0 |       1 |       0 |   0.0
            +---------+---------+-------+---------+---------+-------

Illustrated notes

Table legend:
 A = Kills in this place as a percentage of kills in entire the game.
 B = Kills by you in this place as a percentage of kills by you in the entire game.
 C = Kills by friends in this place as a percentage of kills by friends in the entire game.
 D = Other kills in this place as a percentage of other kills in the entire game.
 E = Experience gained in this place as a percentage of experience gained in the entire game.
 F = Experience gained in this place divided by the number of levels of this place that you have seen.
                   A       B       C       D       E      F
               +-------+-------+-------+-------+-------+----------------------
         Total | 100.0 | 100.0 |   N/A |   N/A | 100.0 |  13.2
       Dungeon | 100.0 | 100.0 |   N/A |   N/A | 100.0 |  13.2
               +-------+-------+-------+-------+-------+----------------------

Table legend: (Time is in decaauts)
 A = Elapsed time spent in this place.
 B = Non-inter-level travel time spent in this place.
 C = Inter-level travel time spent in this place.
 D = Time resting spent in this place.
 E = Time spent auto-exploring this place.
 F = Levels seen in this place.
 G = Mean time per level.
                   A        B        C        D        E       F      G
               +--------+--------+--------+--------+--------+-----+--------+
         Total |    264 |    255 |      9 |      2 |    128 |   4 |   66.0 |
       Dungeon |    264 |    255 |      9 |      2 |    128 |   4 |   66.0 |
               +--------+--------+--------+--------+--------+-----+--------+

Top non-repeatable levels by time:
     D:5: 182 daAuts
     D:6: 43 daAuts
     D:7: 20 daAuts
     D:4: 17 daAuts
